 Dungeon Crawl Stone Soup version 0.25.1-2-g60ff931df9 (webtiles) character file.

Game seed: 4826320895121883342

11022 Acheron the Thaumaturge (level 11, -3/60 HPs)
             Began as a Deep Elf Ice Elementalist on Sept 2, 2020.
             Was a Believer of Sif Muna.
             Slain by a torpor snail (21 damage)
             ... on level 5 of the Lair of Beasts.
             The game lasted 01:44:36 (14519 turns).

Acheron the Thaumaturge (DEIE)                     Turns: 14519, Time: 01:44:37

Health: -3/60      AC:  7    Str: 11    XL:     11   Next: 43%
Magic:  25/26      EV: 14    Int: 34    God:    Sif Muna [**....]
Gold:   759        SH:  0    Dex: 16    Spells: 7/29 levels left

rFire    + . .     SeeInvis .   w - +4 short sword
rCold    + . .     Gourm    .   (no shield)
rNeg     + + .     Faith    .   z - +1 ring mail of Najuwk {rN++ Regen+}
rPois    .         Spirit   .   (no helmet)
rElec    .         Reflect  .   d - scarf {rC+ rF+}
rCorr    .         Harm     .   R - +0 pair of gloves
MR       ++...                  (no boots)
Stlth    ++++......             (no amulet)
HPRegen  0.60/turn              s - ring of Biheiz {MR+ Str+4 Int+7 Stlth+}
MPRegen  0.20/turn              o - +6 ring of intelligence

@: frozen ramparts, slowed, very slow
A: no striking features
a: Channel Magic, Renounce Religion


You were on level 5 of the Lair of Beasts.
You worshipped Sif Muna.
Sif Muna was pleased with you.
You were not hungry.

You visited 3 branches of the dungeon, and saw 15 of its levels.

You collected 759 gold pieces.

Inventory:

Hand Weapons
 w - a +4 short sword (weapon)
 x - a +0 war axe
 L - a +0 falchion of flaming
Missiles
 g - 222 stones
 i - 62 sling bullets
 n - 8 boomerangs (quivered)
 p - 23 poisoned darts
 K - 2 javelins
Armour
 a - the +1 robe of Anarchy {Harm rC- rN++ Dex+4, unknown}
   (You found it on level 5 of the Lair of Beasts)

   It affects your dexterity (+4).
   It makes you vulnerable to cold.
   It greatly protects you from negative energy.
   It increases damage dealt and taken.
 d - a scarf of resistance (worn)
 j - a +1 ring mail of cold resistance
 y - a +0 robe of fire resistance
 z - the +1 ring mail of Najuwk (worn) {rN++ Regen+}
   (You found it on level 3 of the Lair of Beasts)

   It greatly protects you from negative energy.
   It increases your rate of regeneration.
 A - a +0 robe of magic resistance
 C - a +1 leather armour of cold resistance
 R - a +0 pair of gloves (worn)
Jewellery
 e - an uncursed ring of wizardry
 k - an uncursed amulet of guardian spirit
 o - a +6 ring of intelligence (right hand)
 s - the ring of Biheiz (left hand) {MR+ Str+4 Int+7 Stlth+}
   (You found it on level 4 of the Lair of Beasts)

   [ring of stealth]

   It affects your strength (+4).
   It affects your intelligence (+7).
   It affects your resistance to hostile enchantments.
   It makes you more stealthy.
 G - an uncursed amulet of magic regeneration
 H - an uncursed amulet of regeneration
 J - an uncursed ring of magical power
Wands
 u - a wand of paralysis (8)
 D - a wand of flame (17)
 E - a wand of disintegration (12)
 I - a wand of clouds (13)
 N - a wand of polymorph (10)
Scrolls
 f - a scroll of teleportation
 q - 6 scrolls of remove curse
 v - 2 scrolls of blinking
 M - a scroll of identify
 S - a scroll of random uselessness {unknown}
Potions
 b - 7 potions of curing
 h - a potion of cancellation
 l - 2 potions of stabbing
 m - 2 potions of heal wounds
 t - a potion of ambrosia
 B - 3 potions of magic
 F - 2 potions of haste
 P - a potion of brilliance {unknown}
 Q - 3 potions of mutation {unknown}
Comestibles
 c - 12 rations
 r - 7 chunks of flesh


   Skills:
 * Level 3.6 Fighting
 * Level 5.1 Short Blades
 * Level 5.0 Throwing
 * Level 3.3 Armour
 * Level 6.6 Dodging
 * Level 7.1 Stealth
 * Level 9.9 Spellcasting
 * Level 4.5 Conjurations
 * Level 6.5 Charms
 * Level 3.6 Summonings
 * Level 1.5 Necromancy
 * Level 3.5 Translocations
 * Level 8.3 Ice Magic
 * Level 1.3 Invocations
 * Level 4.8 Evocations


You had 7 spell levels left.
You knew the following spells:

 Your Spells              Type           Power        Failure   Level  Hunger
a - Freeze                Ice            ####         1%          1    None
b - Frozen Ramparts       Ice            ######       1%          3    None
c - Ozocubu's Armour      Chrm/Ice       ######..     1%          3    None
d - Hailstorm             Conj/Ice       ######..     4%          4    None
e - Magic Dart            Conj           ####         1%          1    None
f - Searing Ray           Conj           #####.       1%          2    None
g - Apportation           Tloc           #####.       1%          1    None
h - Summon Ice Beast      Ice/Summ       ######..     5%          4    None
i - Animate Skeleton      Necr           N/A          3%          1    None
j - Blink                 Tloc           N/A          2%          2    None

Your spell library contained the following spells:

 Spells                   Type           Power        Failure   Level  Hunger
 Summon Small Mammal      Summ           ####         1%          1    None
 Call Imp                 Summ           #####...     2%          2    None
 Corona                   Hex            ###....      6%          1    None
 Conjure Flame            Conj/Fire      ####....     7%          3    None
 Dazzling Flash           Conj/Hex       ####..       7%          3    None
 Slow                     Hex            ###.....     10%         2    None
 Mephitic Cloud           Conj/Pois/Air  ####....     10%         3    None
 Iskenderun's Mystic Bla  Conj/Tloc      #####...     12%         4    None
 Fulminant Prism          Conj/Hex       ####......   24%         4    None


Dungeon Overview and Level Annotations

Branches:
Dungeon (8/15)             Temple (1/1) D:7            Lair (6/6) D:8
 Spider (0/4) Lair:3
  Swamp: Lair:2-4    Shoals: Lair:2-4     Slime: Lair:5-6

Altars:
Ashenzari
Cheibriados
Dithmenos
Elyvilon
Fedhas
Gozag
Kikubaaqudgha
Makhleb
Nemelex Xobeh
Okawaru
Qazlal
Ru
Sif Muna
Trog
Uskayaw
Vehumet
Wu Jian
Xom
Yredelemnul
Zin
The Shining One

Annotations:
D:3 exclusion: downstairs
D:5 Prince Ribbit
Lair:4 exclusion: upstairs
Lair:5 exclusion: 2 downstairs


Message History

Your yak skeleton gores the torpor snail.
Something bites your yak skeleton!!
Your yak skeleton is destroyed!
The wall freezes the torpor snail!
You hit the torpor snail.
The torpor snail is heavily wounded.
Your yak skeleton gores the torpor snail!
The wall freezes the torpor snail!
The torpor snail barely misses you.
Your ring mail of Najuwk prevents you from hitting the torpor snail.
The torpor snail is almost dead.
The wall freezes the torpor snail. x2; The torpor snail bites you!
* * * LOW HITPOINT WARNING * * *
Your yak skeleton gores the torpor snail.
The torpor snail dies!
Sif Muna accepts your kill.
The wall freezes the torpor snail!
You hit the torpor snail.
The torpor snail is almost dead.
The wall freezes the torpor snail.
The torpor snail bites you!!
You die...

#.#############.......
#.# #. ....... #.# #.
....... #.# .# ###....
#.# #.# #...
#.##.###≈## ##.
#....w≈≈≈._ ...
###Z########≈ ###
##w@.≈≈≈≈≈# ##########


You could see a torpor snail and a friendly yak skeleton (slow).

Vanquished Creatures
  A hydra (Lair:1)
  A two-headed ogre (D:8)
  A death yak (Lair:3)
  A black mamba (Lair:4)
  A spiny frog (Lair:4)
  A torpor snail (Lair:3)
  A komodo dragon (Lair:3)
  A queen bee (Lair:1)
  A wyvern (D:8)
  4 yaks
  Grum (D:8)
  2 basilisks (Lair:5)
  5 water moccasins
  5 porcupines
  A black bear (D:8)
  A sky beast (D:8)
  An orc warrior (D:8)
  4 ogres
  8 wolves
  3 crocodiles
  2 centaurs
  2 big kobolds (D:8)
  11 bullfrogs
  25 killer bees
  A scorpion (D:8)
  3 wights (D:8)
  A howler monkey (D:4)
  An electric eel (Lair:1)
  A crimson imp (D:6)
  2 orc priests
  5 hounds
  12 orc wizards
  4 iguanas
  8 worker ants
  A hound zombie (D:5)
  A worker ant zombie (D:7)
  3 gnolls
  11 adders
  A shadow imp (D:8)
  2 oozes
  An adder zombie (D:6)
  4 adder skeletons
  4 worms
  A dart slug (D:1)
  4 leopard geckos
  35 orcs
  4 ball pythons
  6 bats
  9 giant cockroaches
  7 goblins
  5 hobgoblins
  6 jackals
  3 quokkas
  6 frilled lizards
  12 kobolds
  A leopard gecko skeleton (D:5)
  7 rats
256 creatures vanquished.

Vanquished Creatures (collateral kills)
  A torpor snail (Lair:5)
  A rime drake (Lair:5)
  A hippogriff (Lair:3)
  A wyvern (Lair:3)
  A yak (Lair:4)
  A water moccasin (Lair:5)
  A porcupine (Lair:4)
  2 wolves (Lair:5)
  A crocodile (Lair:3)
  A bullfrog (Lair:5)
  A water moccasin skeleton (D:8)
  A fungus (Lair:5)
13 creatures vanquished.

Vanquished Creatures (others)
  12 fungi
  7 plants
19 creatures vanquished.

Grand Total: 288 creatures vanquished

Notes
Turn   | Place    | Note
-------+----------+-------------------------------------------
     0 | D:1      | Acheron the Deep Elf Ice Elementalist began the quest for
                  | the Orb.
     0 | D:1      | Reached XP level 1. HP: 10/10 MP: 6/6
   286 | D:1      | Reached XP level 2. HP: 15/15 MP: 6/8
   770 | D:1      | Reached skill level 1 in Throwing
  1026 | D:1      | Reached XP level 3. HP: 18/19 MP: 6/9
  1056 | D:1      | Learned a level 3 spell: Frozen Ramparts
  1060 | D:1      | Learned a level 3 spell: Ozocubu's Armour
  2010 | D:3      | Found a burning altar of Makhleb.
  2268 | D:3      | Reached XP level 4. HP: 19/24 MP: 5/11
  2362 | D:4      | Found a radiant altar of Vehumet.
  2556 | D:2      | Reached skill level 1 in Short Blades
  2733 | D:2      | Found a stormy altar of Qazlal.
  2768 | D:2      | Found a shimmering altar of Xom.
  2771 | D:2      | Reached skill level 4 in Spellcasting
  2776 | D:2      | Found a stormy altar of Qazlal.
  2805 | D:2      | Learned a level 4 spell: Hailstorm
  2817 | D:2      | Found an ancient bone altar of Kikubaaqudgha.
  2902 | D:2      | Reached skill level 5 in Ice Magic
  3081 | D:2      | Reached skill level 1 in Charms
  3081 | D:2      | Reached XP level 5. HP: 28/28 MP: 9/13
  3745 | D:3      | Learned a level 1 spell: Magic Dart
  4253 | D:3      | Reached XP level 6. HP: 19/33 MP: 10/14
  4255 | D:3      | Reached skill level 1 in Conjurations
  4258 | D:3      | Reached skill level 1 in Fighting
  4503 | D:3      | Learned a level 2 spell: Searing Ray
  4782 | D:5      | Entered Level 5 of the Dungeon
  4857 | D:4      | Found a shadowy altar of Dithmenos.
  5116 | D:4      | Reached skill level 5 in Spellcasting
  5208 | D:4      | Found a glowing silver altar of Zin.
  5208 | D:4      | Noticed an angel
  5288 | D:4      | Reached XP level 7. HP: 38/38 MP: 13/17
  5952 | D:5      | Noticed Prince Ribbit
  6227 | D:5      | Noticed a yak
  6228 | D:5      | Noticed a yak
  6228 | D:5      | Noticed a yak
  6364 | D:6      | Reached skill level 6 in Spellcasting
  6485 | D:6      | Reached XP level 8. HP: 43/43 MP: 15/19
  6639 | D:6      | Found a sacrificial altar of Ru.
  6992 | D:7      | Found a blossoming altar of Fedhas.
  7057 | D:7      | Reached skill level 1 in Evocations
  7171 | D:7      | Found a shattered altar of Ashenzari.
  7294 | D:7      | Found a staircase to the Ecumenical Temple.
  7300 | Temple   | Entered the Ecumenical Temple
  7420 | Temple   | Learned a level 1 spell: Apportation
  7425 | Temple   | Learned a level 4 spell: Summon Ice Beast
  7426 | Temple   | Became a worshipper of Sif Muna the Loreminder
  7573 | D:7      | Found a basalt altar of Yredelemnul.
  7750 | D:7      | Reached skill level 1 in Armour
  7912 | D:7      | Reached skill level 5 in Stealth
  8138 | D:8      | Reached skill level 1 in Summonings
  8604 | D:8      | Reached skill level 1 in Translocations
  8859 | D:8      | Reached XP level 9. HP: 29/48 MP: 15/21
  8967 | D:8      | Noticed Grum
  8985 | D:8      | Killed Grum
  9164 | D:8      | Reached skill level 7 in Spellcasting
  9316 | D:8      | Learned a level 1 spell: Animate Skeleton
  9404 | D:8      | Noticed a two-headed ogre
  9418 | D:8      | Killed a two-headed ogre
  9418 | D:8      | Reached skill level 5 in Dodging
  9435 | D:8      | Reached * piety under Sif Muna
  9581 | D:8      | Found a staircase to the Lair.
 10001 | Lair:1   | Entered Level 1 of the Lair of Beasts
 10129 | Lair:1   | Reached skill level 5 in Charms
 10134 | Lair:1   | Noticed a queen bee
 10142 | Lair:1   | Reached XP level 10. HP: 40/54 MP: 19/23
 10147 | Lair:1   | Reached skill level 8 in Spellcasting
 10151 | Lair:1   | Reached ** piety under Sif Muna
 10481 | Lair:1   | Noticed a spiny frog
 10510 | Lair:1   | Noticed an eight-headed hydra
 10532 | Lair:1   | Killed an eight-headed hydra
 10722 | Lair:1   | Found a shimmering blue altar of Sif Muna.
 11242 | Lair:3   | Noticed a death yak
 11242 | Lair:3   | Noticed a torpor snail
 11255 | Lair:3   | Killed a torpor snail
 11255 | Lair:3   | Reached skill level 9 in Spellcasting
 11259 | Lair:3   | Killed a death yak
 11344 | Lair:3   | Learned a level 2 spell: Blink
 11477 | Lair:3   | Noticed an eight-headed hydra
 11811 | Lair:4   | Got a pitted copper ring
 11812 | Lair:4   | Identified the ring of Biheiz {MR+ Str+4 Int+7 Stlth+} (You
                  | found it on level 4 of the Lair of Beasts)
 12127 | Lair:4   | Noticed a spiny frog
 12130 | Lair:4   | Noticed a black mamba
 12139 | Lair:4   | Killed a spiny frog
 12139 | Lair:4   | Reached XP level 11. HP: 21/60 MP: 20/26
 12564 | Lair:3   | Found a hole to the Spider Nest.
 12923 | Lair:3   | Noticed a death yak
 12924 | Lair:3   | Noticed a death yak
 12927 | Lair:3   | Got a fine ring mail
 13315 | Lair:3   | Noticed a death yak
 13315 | Lair:3   | Noticed a death yak
 13318 | Lair:3   | Reached skill level 1 in Necromancy
 13516 | Lair:3   | Noticed a five-headed hydra
 13522 | Lair:3   | Noticed a four-headed hydra
 13594 | Lair:5   | Reached skill level 5 in Short Blades
 13777 | Lair:6   | Entered Level 6 of the Lair of Beasts
 13792 | Lair:5   | Reached skill level 1 in Invocations
 13803 | Lair:5   | Identified the +1 ring mail of Najuwk {rN++ Regen+} (You
                  | found it on level 3 of the Lair of Beasts)
 13918 | Lair:5   | Got a brightly glowing robe
 14127 | Lair:5   | Reached skill level 5 in Throwing
 14269 | Lair:6   | Noticed a catoblepas
 14503 | Lair:5   | Found a snail-covered altar of Cheibriados.
 14519 | Lair:5   | Slain by a torpor snail

Illustrated notes

Levels and vault maps discovered:
D:1:      wheals_arrival_linesprint, layout_basic
D:2:      layout_basic, chequers_temple_overflow_statue_of_worship,
          hangedman_abyss_or_decor_lesser_grid, grunt_qazlal_clouds
D:3:      layout_basic, makhleb_heckhound_becter, first_ration
D:4:      layout_cave_pools, nicolae_dithmenos_the_darkroom,
          lemuel_crystal_altar, zin_angel
D:5:      layout_gridville, uniq_prince_ribbit1
D:6:      layout_basic, nicolae_ru_path_of_blood, serial_curves, eino_curves_03,
          eino_curves_01, eino_curves_03, minmay_fountain_box
D:7:      layout_cave_pods, nicolae_ashenzari_panopticon, kennysheep_mini,
          minmay_temple_entry_hall, minmay_ruined_shrine
D:8:      layout_loops_ring, lemuel_round_altar, dpeg_oklobed_lair,
          serial_shops, nicolae_shop_crystal, hangedman_ranch
          [blue_anna_fruit_fields], uniq_grum
Temple:   nicolae_temple_figure_zero
Lair:1:   layout_gridlike, special_room [special_room_bee], basic_altar,
          minivault_24, minmay_shattered_shrine, minmay_lair_oklob_chamber
Lair:2:   layout_long_grid, special_room, lightli_volcano_entry_magma_tube,
          lemuel_centaur_altar, grunt_megastairs_2
Lair:3:   layout_hall_layers, palyth_hydra_swamp_entry,
          nicolae_spider_entry_non_spiders, special_room, st_stairs_13
Lair:4:   layout_gridlike, st_stairs_4
Lair:5:   layout_big_grid, minmay_holes, kennysheep_snail_temple
Lair:6:   evilmike_catoblepas_cave, layout_misc_corridors, slime_altar_2,
          basic_altar

Skill      XL: |  1  2  3  4  5  6  7  8  9 10 11 |
---------------+----------------------------------+-----
Throwing       | 1 2 3 4 5 |  5.0
Dodging        | 3 4 5 6 |  6.6
Stealth        | 3 4 5 6 7 |  7.1
Short Blades   | 1 2 3 4 5 |  5.1
Spellcasting   | 4 5 6 7 9 |  9.9
Ice Magic      | 5 6 7 8 |  8.3
Charms         | 1 2 3 4 5 6 |  6.5
Conjurations   | 1 2 3 4 |  4.5
Fighting       | 1 2 3 |  3.6
Evocations     | 1 3 4 |  4.8
Armour         | 1 2 3 |  3.3
Summonings     | 1 2 3 |  3.6
Translocations | 1 2 3 |  3.5
Necromancy     | 1 |  1.5
Invocations    | 1 |  1.3

Action                   |  1- 3 |  4- 6 |  7- 9 | 10-12 || total
-------------------------+-------+-------+-------+-------++-------
Melee: Short sword       |    28 |    62 |   183 |   163 ||   436
       Rapier            |       |       |    17 |       ||    17
Throw: Dart              |    37 |     2 |       |       ||    39
       Stone             |     7 |       |       |       ||     7
       Boomerang         |       |     5 |    19 |     4 ||    28
 Cast: Freeze            |    36 |     4 |       |       ||    40
       Frozen Ramparts   |     3 |    23 |    42 |    25 ||    93
       Ozocubu's Armour  |       |     1 |    11 |     4 ||    16
       Animate Skeleton  |       |       |     4 |    23 ||    27
       Summon Ice Beast  |       |       |       |     4 ||     4
Evoke: Wand              |       |       |     3 |     2 ||     5
  Use: Scroll            |     5 |     5 |     4 |    11 ||    25
 Stab: Sleeping          |     3 |     4 |     5 |    10 ||    22
       Distracted        |       |       |       |     1 ||     1
  Eat: Chunk             |     2 |     6 |     6 |     2 ||    16
       Ration            |     1 |     1 |     3 |     3 ||     8
Armor: Robe              |    12 |     9 |     2 |       ||    23
       Leather armour    |       |       |    37 |    22 ||    59
       Ring mail         |       |       |       |     6 ||     6
Dodge: Dodged            |    29 |    37 |   145 |   121 ||   332
